 Dungeon Crawl Stone Soup version 0.31.0-11-ge490571c62 (webtiles) character file.

Game seed: 13119815843435521165

379 Ashen the Sneak (level 6, -6/44 HPs)
             Began as a Gnoll Enchanter on Feb 1, 2024.
             Was a Follower of Uskayaw.
             Mangled by a sleepcap (21 damage)
             ... on level 4 of the Dungeon.
             The game lasted 00:07:28 (4384 turns).

Ashen the Sneak (Gnoll Enchanter)                   Turns: 4384, Time: 00:07:29

Health: -6/44      AC:  2    Str:  7    XL:     6   Next: 74%
Magic:  14/14      EV:  2    Int: 15    God:    Uskayaw [*.....]
Gold:   246        SH:  0    Dex: 14    Spells: 13/15 levels left

rFire   . . .        a - +1 dagger
rCold   . . .        (no shield)
rNeg    . . .        b - +0 robe
rPois   .            (no helmet)
rElec   .            (no cloak)
rCorr   .            (no gloves)
SInv    .            (no boots)
Will    .....        (no amulet)
Stlth   +++          (no ring)
HPRegen 0.27/turn    (no ring)
MPRegen 0.14/turn

%: no passive effects
@: sleeping, invisible
A: fangs 1, strong nose, distributed training
a: Renounce Religion, Stomp


You were on level 4 of the Dungeon.
You worshipped Uskayaw.
Uskayaw was noncommittal.
You visited 1 branch of the dungeon, and saw 5 of its levels.

You collected 246 gold pieces.

Inventory:

Hand Weapons
 a - a +1 dagger (weapon)
Armour
 b - a +0 robe (worn)
Wands
 t - a wand of flame (17)
Scrolls
 d - 8 scrolls of identify {unknown}
 f - a scroll of noise {unknown}
 i - a scroll of fog {unknown}
 k - a scroll of revelation {unknown}
 n - a scroll of acquirement {unknown}
 o - a scroll of silence {unknown}
 q - a scroll of fear {unknown}
 r - a scroll of enchant weapon {unknown}
Potions
 e - 2 potions of brilliance {unknown}
 g - a potion of haste {unknown}
 h - 2 potions of heal wounds {unknown}
 j - a potion of cancellation {unknown}
 l - a potion of ambrosia {unknown}
 m - a potion of curing {unknown}
 p - 2 potions of berserk rage {unknown}
 s - a potion of attraction {unknown}
 u - a potion of might {unknown}


   Skills:
 + Level 2.2 Fighting
 + Level 3.4 Short Blades
 + Level 2.2 Long Blades
 + Level 2.2 Axes
 + Level 2.2 Maces & Flails
 + Level 2.2 Polearms
 + Level 2.2 Staves
 + Level 2.2 Ranged Weapons
 + Level 2.2 Throwing
 + Level 2.2 Armour
 + Level 5.1 Dodging
 + Level 6.4 Stealth
 + Level 2.2 Shields
 + Level 2.2 Unarmed Combat
 + Level 5.4 Spellcasting
 + Level 1.7 Conjurations
 + Level 5.7 Hexes
 + Level 1.7 Summonings
 + Level 1.7 Necromancy
 + Level 1.7 Translocations
 + Level 1.7 Fire Magic
 + Level 1.7 Ice Magic
 + Level 1.7 Air Magic
 + Level 1.7 Earth Magic
 + Level 1.7 Alchemy
 + Level 2.4 Invocations
 + Level 2.2 Evocations
 + Level 2.0 Shapeshifting


You had 13 spell levels left.
You knew the following spells:

 Your Spells              Type           Power      Damage    Failure   Level
a - Ensorcelled Hibernat  Hex/Ice        30%        N/A       4%          2

Your spell library contained the following spells:

 Spells                   Type           Power      Damage    Failure   Level
 Confusing Touch          Hex            21%        N/A       4%          3
 Tukima's Dance           Hex            21%        N/A       4%          3
 Sting                    Conj/Alch      36%        1d5       8%          1
 Dazzling Flash           Conj/Hex       30%        N/A       10%         3
 Mercury Vapours          Alch/Air       18%        N/A       12%         2
 Mephitic Cloud           Conj/Alch/Air  9%         N/A       22%         3
 Olgreb's Toxic Radiance  Alch           9%         N/A       58%         4
 Silence                  Hex/Air        7%         N/A       67%         5
 Curse of Agony           Necr           9%         N/A       91%         5


Dungeon Overview and Level Annotations

Branches:
Dungeon (5/15)
 Temple: D:4-7

Altars:
Cheibriados
Fedhas
Gozag
Hepliaklqana
Kikubaaqudgha
Qazlal
Uskayaw
Vehumet
Wu Jian
Xom

Shops:
D:1 (   D:2 (

Annotations:
D:3 2 transporters, Amaterasu's ghost, amateur VSRe


Innate Abilities, Weirdness & Mutations

You have very sharp teeth.
Your uncanny sense of smell can sniff out nearby items.
Your experience applies equally to all skills.


Message History

Confirm with . or Enter, or press ? or * to list all spells.
Okay, then.
Aiming: Throw Flame
Press: ? - help, Shift-Dir - straight line, f - sleepcap
Aim: a sleepcap (100% to hit)
The puff of flame hits the sleepcap!
The sleepcap is moderately damaged.
The sleepcap releases spores at you!
You are engulfed in a cloud of soporific spores!
You fall asleep.
The sleepcap releases spores at you!!
You wake up.
You are engulfed in a cloud of soporific spores!
You are unaffected.
The sleepcap attacks as it pursues you! The sleepcap barely misses you.
The sleepcap attacks as it pursues you! The sleepcap closely misses you.
There is a stone staircase leading up here.
The sleepcap misses you.
You climb upwards.
There is a stone staircase leading down here.
Press: ? - help, v - describe, . - travel
Here: a sleepcap (moderately damaged)
The floor.
You fade into invisibility!
The sleepcap barely misses you.
You hit the sleepcap.
The sleepcap is heavily damaged.
You hit the sleepcap.
You bite the sleepcap, but do no damage.
The sleepcap is heavily damaged.
The sleepcap closely misses you.
You hit the sleepcap but do no damage. You bite the sleepcap.
The sleepcap is heavily damaged.
The sleepcap releases spores at you.
You hit the sleepcap.
The sleepcap is severely damaged.
The sleepcap releases spores at you.
You are engulfed in a cloud of soporific spores!
You fall asleep.
The sleepcap releases spores at you!!
You die...

#.# #####...###.##.##.##.# #.#
#...# #.##.......#
#.#######>..###.#####.####
####...............# #.#
#....########...#### #.# #.#..#
##.....## #.# #....##
##)......## ##.####
##....####.f.......####....(#
#####.......'..@......'.........
#...........#.........####...#)#
#.###..(.##.##.......## ##.##.#
#.# #..#)##.###.....## ####.#
#.# #.)#.##.# ##...## #.# #.#
#....##.# ##'## #.#
#.####.#.##.# #.# ######.#
#........##.# #.# #......#
######.#.##.# ##.## #.######


You could see a sleepcap (unable to see you).

Vanquished Creatures
  An ogre (D:5)
  A scorpion (D:4)
  A hound (D:4)
  A bombardier beetle (D:5)
  2 jellies (D:2)
  3 adders
  5 dart slugs
  A ribbon worm (D:2)
  2 orcs (D:4)
  3 bats
  19 endoplasms
  2 giant cockroaches (D:1)
  6 goblins
  6 hobgoblins
  2 quokkas
  5 ball pythons
  3 frilled lizards
  12 kobolds
  3 rats
78 creatures vanquished.

Notes
Turn   | Place    | Note
-------+----------+-------------------------------------------
     0 | D:1      | Ashen the Gnoll Enchanter began the quest for the Orb.
     0 | D:1      | Reached XP level 1. HP: 13/13 MP: 6/6
   129 | D:1      | Found Nogaral's Weapon Shop.
   268 | D:1      | Found a faded altar of an unknown god.
   270 | D:1      | Reached XP level 2. HP: 19/19 MP: 7/7
   313 | D:1      | Learned a level 2 spell: Ensorcelled Hibernation
   960 | D:2      | Reached skill level 5 in Spellcasting
   960 | D:2      | Reached XP level 3. HP: 25/25 MP: 7/9
   973 | D:2      | Found Duiron's Antique Weapon Shop.
   978 | D:2      | Reached skill level 6 in Stealth
  1233 | D:2      | Reached skill level 1 in Invocations
  1258 | D:2      | Found a stormy altar of Qazlal.
  1258 | D:2      | Found a hide-covered altar of Uskayaw.
  1258 | D:2      | Found a snail-covered altar of Cheibriados.
  1258 | D:2      | Found an ancient bone altar of Kikubaaqudgha.
  1258 | D:2      | Found an opulent altar of Gozag.
  1258 | D:2      | Found a snail-covered altar of Cheibriados.
  1436 | D:2      | Reached skill level 1 in Fighting
  1436 | D:2      | Reached skill level 1 in Long Blades
  1436 | D:2      | Reached skill level 1 in Axes
  1436 | D:2      | Reached skill level 1 in Maces & Flails
  1436 | D:2      | Reached skill level 1 in Polearms
  1436 | D:2      | Reached skill level 1 in Staves
  1436 | D:2      | Reached skill level 1 in Ranged Weapons
  1436 | D:2      | Reached skill level 1 in Throwing
  1436 | D:2      | Reached skill level 1 in Armour
  1436 | D:2      | Reached skill level 1 in Shields
  1436 | D:2      | Reached skill level 1 in Unarmed Combat
  1436 | D:2      | Reached skill level 1 in Evocations
  1436 | D:2      | Reached skill level 1 in Shapeshifting
  1436 | D:2      | Reached XP level 4. HP: 32/32 MP: 3/11
  1502 | D:2      | Reached skill level 1 in Conjurations
  1502 | D:2      | Reached skill level 1 in Summonings
  1502 | D:2      | Reached skill level 1 in Necromancy
  1502 | D:2      | Reached skill level 1 in Translocations
  1502 | D:2      | Reached skill level 1 in Fire Magic
  1502 | D:2      | Reached skill level 1 in Ice Magic
  1502 | D:2      | Reached skill level 1 in Air Magic
  1502 | D:2      | Reached skill level 1 in Earth Magic
  1502 | D:2      | Reached skill level 1 in Alchemy
  1512 | D:2      | Became a worshipper of Uskayaw the Reveller
  1670 | D:2      | Reached * piety under Uskayaw
  1819 | D:2      | Reached XP level 5. HP: 30/37 MP: 0/12
  2738 | D:3      | Found a transporter.
  2741 | D:3      | Noticed Amaterasu's ghost (amateur VSRe)
  2743 | D:3      | Found a transporter.
  3027 | D:3      | Found a hazy altar of Hepliaklqana.
  3028 | D:3      | Found a shimmering altar of Xom.
  3029 | D:3      | Noticed a spectral ugly thing
  3494 | D:4      | Found a snail-covered altar of Cheibriados.
  3630 | D:4      | Reached XP level 6. HP: 44/44 MP: 13/13
  3715 | D:4      | Reached skill level 5 in Dodging
  4123 | D:4      | Found a blossoming altar of Fedhas.
  4203 | D:5      | Entered Level 5 of the Dungeon
  4218 | D:5      | Found an ornate altar of the Wu Jian Council.
  4264 | D:5      | Reached ** piety under Uskayaw
  4294 | D:5      | Found a radiant altar of Vehumet.
  4384 | D:4      | Mangled by a sleepcap

Illustrated notes

Levels and vault maps discovered:
D:1:      lightli_arrival_quake, layout_basic, shapermc_ecumenical_altar_gd,
          serial_shops, shop
D:2:      cheibrodos_fertilizer, layout_basic, serial_shops, shop_coins,
          serial_bayou_ford_a
D:3:      layout_rooms, regret_index_temple_of_mockery,
          gammafunk_ghost_mausoleum
D:4:      layout_loops_corners, fedhas_altar_4, kennysheep_mini_moat
D:5:      lemuel_insect_pit, layout_basic, vehumet_altar_wand_db,
          mainiacjoe_overflow_surrounded_room

Skill      XL: |  1  2  3  4  5  6 |
---------------+-------------------+-----
Spellcasting   | 5 |  5.4
Stealth        | 6 |  6.4
Invocations    | 1 2 |  2.4
Fighting       | 1 2 |  2.2
Long Blades    | 1 2 |  2.2
Axes           | 1 2 |  2.2
Maces & Flails | 1 2 |  2.2
Polearms       | 1 2 |  2.2
Staves         | 1 2 |  2.2
Ranged Weapons | 1 2 |  2.2
Throwing       | 1 2 |  2.2
Armour         | 1 2 |  2.2
Shields        | 1 2 |  2.2
Unarmed Combat | 1 2 |  2.2
Evocations     | 1 2 |  2.2
Shapeshifting  | 1 2 |  2.0
Conjurations   | 1 |  1.7
Summonings     | 1 |  1.7
Necromancy     | 1 |  1.7
Translocations | 1 |  1.7
Fire Magic     | 1 |  1.7
Ice Magic      | 1 |  1.7
Air Magic      | 1 |  1.7
Earth Magic    | 1 |  1.7
Alchemy        | 1 |  1.7
Short Blades   | 3 |  3.4
Dodging        | 5 |  5.1
Hexes          | |  5.7

Action                     |  1- 3 |  4- 6 || total
---------------------------+-------+-------++-------
  Melee: Dagger            |    84 |    78 ||   162
         Bite              |     6 |     8 ||    14
         Punch             |     1 |     1 ||     2
   Cast: Ensorcelled Hiber |    20 |    52 ||    72
  Evoke: Wand              |       |     1 ||     1
    Use: Potion            |     1 |     1 ||     2
   Stab: Sleeping          |    20 |    38 ||    58
 Armour: Robe              |    44 |    33 ||    77
  Dodge: Dodged            |    51 |    54 ||   105
